 Dungeon Crawl Stone Soup version 0.23.2-1-ga50397a (webtiles) character file.

Game seed: 16076934162964236170

251 Fang the Skirmisher (level 6, 0/39 HPs)
             Began as a Gargoyle Berserker on Apr 30, 2019.
             Was a Priest of Trog.
             Slain by a gnoll (3 damage)
             ... on level 3 of the Dungeon.
             The game lasted 00:02:54 (2448 turns).

Fang the Skirmisher (Gargoyle Berserker)            Turns: 2448, Time: 00:02:55

Health: 0/39       AC: 11    Str: 23    XL:     6   Next: 13%
Magic:  15/15      EV: 12    Int:  7    God:    Trog [***...]
Gold:   136        SH:  0    Dex:  9    Spells: 5/5 levels left

rFire    . . .     SeeInvis .   a - +1 hand axe
rCold    . . .     Gourm    .   (no shield)
rNeg     + . .     Faith    .   d - +0 acid dragon scales
rPois    ∞         Spirit   .   (no helmet)
rElec    +         Reflect  .   (no cloak)
rCorr    +         Harm     .   (no gloves)
MR       .....                  (no boots)
Stlth    +.........             (no amulet)
HPRegen  0.13/turn              f - ring of magical power
MPRegen  0.14/turn              (no ring)

@: berserk cooldown, slowed, very slow
A: negative energy resistance 1, electricity resistance, unbreathing,
petrification resistance, rot immunity, AC +4
a: Berserk, Trog's Hand, Renounce Religion


You were on level 3 of the Dungeon.
You worshipped Trog.
Trog was most pleased with you.
You were very hungry.

You visited 1 branch of the dungeon, and saw 3 of its levels.

You collected 136 gold pieces.

Inventory:

Hand Weapons
 a - a +1 hand axe (weapon)
Armour
 b - a +0 animal skin
 d - +0 acid dragon scales (worn)
Jewellery
 f - a ring of magical power (left hand)
Wands
 o - a wand of iceblast (7)
Scrolls
 i - a scroll of immolation {unknown}
 j - 3 scrolls of remove curse
 k - a scroll of enchant armour {unknown}
Potions
 e - 2 potions of ambrosia {unknown}
 g - a potion of invisibility
 m - a potion of flight {unknown}
Comestibles
 c - 6 rations
 h - 3 chunks of flesh


   Skills:
 + Level 4.7 Fighting
 + Level 3.8 Axes
 + Level 3.8 Armour
 + Level 2.8 Dodging


You had 5 spell levels left.
You didn't know any spells.
Your spell library was empty.

Dungeon Overview and Level Annotations

Branches:
Dungeon (3/15)

Altars:


Innate Abilities, Weirdness & Mutations

You are resistant to torment.
Your stone body is resilient. (AC +4)
You are immune to poison.
You resist negative energy. (rN+)
You are resistant to electric shocks. (rElec)
You can survive without breathing.
You are immune to petrification.
You are immune to rotting.


Message History

The adder misses you.
You closely miss the adder.
The adder is heavily wounded.
You hit the gnoll. The adder misses you. The gnoll closely misses you.
The adder misses you. The gnoll hits you.
* * * LOW HITPOINT WARNING * * *
You closely miss the adder.
The adder is heavily wounded.
You slash the gnoll! The adder closely misses you.
The gnoll completely misses you. The adder bites you but does no damage.
The gnoll hits you but does no damage.
Unknown command.
The adder bites you but does no damage. The adder closely misses you.
The gnoll closely misses you.
You hit the gnoll but do no damage.
The gnoll is severely wounded.
You closely miss the adder. The adder bites you.
* * * LOW HITPOINT WARNING * * *
The gnoll barely misses you. The adder closely misses you. The gnoll hits you.
You die...

##.#
#.....#.#.#.###
..#
#######.#...# #
# #... #.#####
#..%##.#.#
.....#.).##### .
#..(.).....#.#
#....)).......
###....)).......
'.......@.......
####...Sg.......
'...####'###....
###. #.# #... #
... ... ....
...# ....#


You could see a gnoll and an adder.

Vanquished Creatures
  An orc priest (D:3)
  An orc wizard (D:3)
  Robin (D:2)
  7 gnolls (D:3)
  3 adders
  A dart slug (D:1)
  4 leopard geckos
  2 orcs (D:3)
  2 ball pythons
  10 bats
  2 giant cockroaches
  18 goblins
  9 hobgoblins
  4 jackals (D:1)
  A quokka (D:2)
  5 frilled lizards
  6 kobolds
  7 rats
84 creatures vanquished.

Notes
Turn   | Place    | Note
-------+----------+-------------------------------------------
     0 | D:1      | Fang the Gargoyle Berserker began the quest for the Orb.
     0 | D:1      | Reached XP level 1. HP: 14/14 MP: 1/1
    42 | D:1      | Reached XP level 2. HP: 10/19 MP: 2/2
   727 | D:1      | Reached XP level 3. HP: 15/23 MP: 3/3
  1241 | D:2      | Reached ** piety under Trog
  1554 | D:2      | Reached XP level 4. HP: 29/29 MP: 4/4
  1661 | D:2      | Noticed Robin
  1666 | D:2      | Reached skill level 4 in Fighting
  1690 | D:2      | Killed Robin
  2110 | D:3      | Reached XP level 5. HP: 14/34 MP: 5/5
  2396 | D:3      | Reached *** piety under Trog
  2431 | D:3      | Reached XP level 6. HP: 21/39 MP: 6/6
  2448 | D:3      | Slain by a gnoll

Skill      XL: |  1  2  3  4 |
---------------+-------------+-----
Axes           | 3 |  3.8
Dodging        | 2 |  2.8
Armour         | 3 |  3.8
Fighting       | 4 |  4.7

Action                   |  1- 3 |  4- 6 || total
-------------------------+-------+-------++-------
Melee: Hand axe          |   123 |    99 ||   222
Invok: Berserk           |       |     3 ||     3
  Use: Scroll            |     5 |       ||     5
  Eat: Chunk             |     2 |     5 ||     7
Armor: Animal skin       |    30 |       ||    30
       Acid dragon scale |    16 |    49 ||    65
Dodge: Dodged            |    90 |    82 ||   172
